 Dungeon Sprint DCSS version 0.20-a0-556-g892c87b (webtiles) character file.

3809 Kidiri the Eclecticist (level 9, -9/54 HPs)
             Began as a Deep Elf Fire Elementalist on Feb 4, 2017.
             Was the Champion of Vehumet.
             Mangled by a dire flail of draining (27 damage)
             ... in the Dungeon (Sprint V: "Ziggurat Sprint").
             The game lasted 00:07:37 (1245 turns).

Kidiri the Eclecticist (Deep Elf Fire Elementalist) Turns: 1245, Time: 00:07:38

Health: -9/54      AC:  3    Str:  5    XL:     9   Next: 96%
Magic:  31/36      EV: 18    Int: 42    God:    Vehumet [******]
Gold:   0          SH:  0    Dex: 15    Spells: 6/39 levels left

rFire    . . .     SeeInvis .   I - +6 Majin-Bo {vamp, Archmagi MP+6 Int+6}
rCold    . . .     Gourm    .   N - +0 robe {Archmagi}
rNeg     . . .     Faith    .   (shield currently unavailable)
rPois    .         Spirit   .   (no helmet)
rElec    .         Reflect  .   Q - +0 cloak {+Inv}
rCorr    .         Harm     .   (no gloves)
MR       .....     NoTele   +   (no boots)
Stlth    ++........             (no amulet)
Regen    0.2/turn               B - +6 ring of intelligence
                                A - +6 ring of intelligence

@: no status effects
A: no striking features
a: Renounce Religion, Evoke Invisibility


You were in the Dungeon.
You worshipped Vehumet.
Vehumet was exalted by your worship.
You were not hungry.

You visited 1 branch

Inventory:

Hand Weapons
 I - the +6 Majin-Bo (weapon) {vamp, Archmagi MP+6 Int+6}
   (You found it in the Dungeon)

   It inflicts no extra harm, but heals its wielder when it wounds a living foe.
   It affects your intelligence (+6).
   It affects your magic capacity (+6).
Armour
 N - a +0 robe of the Archmagi (worn)
 Q - a +0 cloak of invisibility (worn)
Jewellery
 m - the ring of Qazlal's Supremacy {rN++ MR- Str+2 SInv Stlth+}
   (You found it in the Dungeon)

   [ring of see invisible]

   It affects your strength (+2).
   It greatly protects you from negative energy.
   It affects your resistance to hostile enchantments.
   It lets you see invisible.
   It makes you more stealthy.
 y - a +6 ring of dexterity
 z - a +6 ring of dexterity
 A - a +6 ring of intelligence (left hand)
 B - a +6 ring of intelligence (right hand)
 C - a +6 ring of strength
 D - a +6 ring of strength
 K - a +6 ring of dexterity
 L - an uncursed ring of magical power
 M - an uncursed ring of ice
 O - the amulet "Tumic" {Gourm rElec}
   (You took it off a centaur in the Dungeon)

   [amulet of the gourmand]

   It allows you to eat raw meat even when not hungry.
   It insulates you from electricity.
Wands
 E - a wand of disintegration (4/24)
 F - a wand of iceblast (0/15)
 G - a wand of lightning (5/15)
 H - a wand of acid (2/15)
Scrolls
 a - a scroll of brand weapon
 i - 4 scrolls of blinking
 p - 4 scrolls of amnesia
 q - 3 scrolls of recharging
 r - 7 scrolls of fog
 s - 2 scrolls of holy word
 t - 5 scrolls of identify
 u - 5 scrolls of remove curse
 v - 2 scrolls of fear
Potions
 d - 10 potions of curing
 e - 8 potions of heal wounds
 f - 6 potions of haste
 g - 7 potions of magic
 h - 3 potions of berserk rage
 j - 2 potions of brilliance
 k - 2 potions of invisibility
 l - 4 potions of resistance
 n - 5 potions of agility
 o - 5 potions of might
Books
 b - a book of Flames

   Spells                             Type                      Level
   a - Flame Tongue                   Conjuration/Fire             1
   b - Throw Flame                    Conjuration/Fire             2
   c - Conjure Flame                  Conjuration/Fire             3
   d - Inner Flame                    Hexes/Fire                   3
   e - Sticky Flame                   Conjuration/Fire             4
   f - Fireball                       Conjuration/Fire             5
 J - a book of Fire

   Spells                             Type                      Level
   a - Ignite Poison                  Fire/Transmutation/Poison    3
   b - Fireball                       Conjuration/Fire             5
   c - Bolt of Fire                   Conjuration/Fire             6
   d - Delayed Fireball               Conjuration/Fire             7
   e - Ring of Flames                 Charms/Fire                  7
Comestibles
 c - 5 bread rations
 w - 37 fruits
 x - 4 meat rations
 P - 7 chunks of flesh


   Skills:
 + Level 5.6 Fighting
 + Level 6.8 Staves
 + Level 5.6 Armour
 + Level 8.7 Dodging
 - Level 2.4 Stealth
 * Level 15.6 Spellcasting
 + Level 9.9 Conjurations
 + Level 10.3 Fire Magic
 + Level 7.3 Evocations


You had 6 spell levels left.
You knew the following spells:

 Your Spells              Type           Power        Failure   Level  Hunger
a - Flame Tongue          Conj/Fire      #####        0%          1    None
b - Throw Flame           Conj/Fire      ######       1%          2    None
c - Conjure Flame         Conj/Fire      ########     1%          3    None
d - Inner Flame           Hex/Fire       ########     1%          3    None
e - Sticky Flame          Conj/Fire      ########     1%          4    None
f - Fireball              Conj/Fire      ########..   1%          5    None
g - Bolt of Fire          Conj/Fire      ########..   1%          6    None
h - Delayed Fireball      Conj/Fire      N/A          3%          7    ##.....
i - Ring of Flames        Chrm/Fire      ########..   85%         7    ##.....


Dungeon Overview and Level Annotations

Branches:
Dungeon (1/1)

Altars:
Ashenzari
Cheibriados
Dithmenos
Elyvilon
Fedhas
Gozag
Hepliaklqana
Kikubaaqudgha
Makhleb
Nemelex Xobeh
Okawaru
Qazlal
Ru
Sif Muna
Trog
Uskayaw
Vehumet
Xom
Yredelemnul
Zin
The Shining One
Beogh
Jiyva
Lugonu


Message History

Casting: Bolt of Fire
Confirm with . or Enter, or press ? or * to list all spells.
Okay, then.
Unknown command.
Evoke which item? (* to show all) (? for menu, Esc to quit)
Aiming: Disintegrate
Press: ? - help, Shift-Dir - straight line, f/p - deep elf archer
Aim: a deep elf archer, wielding a short sword and wearing a leather armour (repelling missiles, chance to defeat MR: 41%)
The dire flail of draining is unaffected.
This wand has 5 charges left.
The deep elf archer shoots an arrow.
The arrow hits you!
Unknown command.
Evoke which item? (* to show all) (? for menu, Esc to quit)
Aiming: Disintegrate
Press: ? - help, Shift-Dir - straight line, f/p - deep elf archer
Aim: a deep elf archer, wielding a short sword and wearing a leather armour (repelling missiles, chance to defeat MR: 41%)
The dire flail of draining is unaffected.
This wand has 4 charges left.
The dire flail of draining hits you!!
Ouch! That really hurt!
You die...

▓..8©8..▓
▓..e.[:§..▓..[|...▓
▓...[ee§..▓..[))..▓
▓....e§...▓.......▓
▓....§..e.▓.......▓
▓....E....▓.......▓
▓.........▓.......▓
▓.▓..(..▓.▓.▓...▓.▓
▓....@....▓.......▓
▓▓▓▓▓▓▓▓▓▓▓▓▓▓▓▓▓▓▓


You could see 2 deep elf archers, 3 deep elf magi, a fire elemental and a dire
flail of draining.

Vanquished Creatures
  A deep elf mage (D)
  A shining eye (D)
  5 merfolk (D)
  A hippogriff (D)
  3 spriggans (D)
  A fire elemental (D)
  A hell hound (D)
  A black bear (D)
  An eye of draining (D)
  3 phantoms (D)
  4 centaurs (D)
  A crimson imp (D)
  2 quasits (D)
  7 jellies (D)
  An ooze (D)
  An adder skeleton (D)
  A bat skeleton (D)
  A bat zombie (D)
  A quokka zombie (D)
  A fire vortex (D)
38 creatures vanquished.

Vanquished Creatures (others)
  A spatial maelstrom (D)
1 creature vanquished.

Grand Total: 39 creatures vanquished

Notes
Turn   | Place    | Note
-------+----------+-------------------------------------------
     0 | D        | Kidiri the Deep Elf Fire Elementalist began the quest for the Orb.
     0 | D        | Reached XP level 1. HP: 10/10 MP: 6/6
     0 | D        | Found a deep blue altar of Sif Muna.
     0 | D        | Found a sacrificial altar of Ru.
     0 | D        | Found a bloodstained altar of Trog.
     0 | D        | Found a stormy altar of Qazlal.
     0 | D        | Found an iron altar of Okawaru.
     0 | D        | Found a sparkling altar of Nemelex Xobeh.
     0 | D        | Found a blossoming altar of Fedhas.
     2 | D        | Found an ancient bone altar of Kikubaaqudgha.
     2 | D        | Found a viscous altar of Jiyva.
     2 | D        | Found a corrupted altar of Lugonu.
     2 | D        | Found a hazy altar of Hepliaklqana.
     2 | D        | Found a burning altar of Makhleb.
     2 | D        | Found an opulent altar of Gozag.
    17 | D        | Banished a spatial maelstrom
    70 | D        | Became a worshipper of Vehumet
    81 | D        | Reached skill level 7 in Spellcasting
    81 | D        | Reached skill level 5 in Fire Magic
    81 | D        | Reached XP level 2. HP: 15/15 MP: 6/12
    85 | D        | Learned a level 2 spell: Throw Flame
   161 | D        | Entered arena 1.
   161 | D        | Noticed a fire elemental
   166 | D        | Killed a fire elemental
   166 | D        | Reached skill level 10 in Spellcasting
   166 | D        | Reached XP level 3. HP: 8/19 MP: 17/17
   166 | D        | Reached XP level 4. HP: 10/24 MP: 18/18
   166 | D        | Reached XP level 5. HP: 12/28 MP: 20/20
   178 | D        | Learned a level 3 spell: Conjure Flame
   182 | D        | Learned a level 3 spell: Inner Flame
   187 | D        | Learned a level 4 spell: Sticky Flame
   193 | D        | Learned a level 5 spell: Fireball
   338 | D        | Entered arena 2.
   338 | D        | Noticed a merfolk
   338 | D        | Noticed a merfolk
   338 | D        | Noticed a merfolk
   341 | D        | Killed a merfolk
   341 | D        | Reached skill level 1 in Fighting
   341 | D        | Reached skill level 11 in Spellcasting
   341 | D        | Reached XP level 6. HP: 29/35 MP: 11/22
   341 | D        | Killed a merfolk
   341 | D        | Reached * piety under Vehumet
   341 | D        | Offered knowledge of Magic Dart by Vehumet.
   341 | D        | Reached skill level 12 in Spellcasting
   341 | D        | Reached XP level 7. HP: 33/40 MP: 11/24
   343 | D        | Killed a merfolk
   343 | D        | Reached skill level 5 in Dodging
   352 | D        | Got the ring of Qazlal's Supremacy {rN++ MR- Str+2 SInv Stlth+}
   527 | D        | Entered arena 3.
   528 | D        | Reached ** piety under Vehumet
   528 | D        | Offered knowledge of Searing Ray by Vehumet.
   528 | D        | Reached skill level 13 in Spellcasting
   546 | D        | Learned a level 6 spell: Bolt of Fire
   554 | D        | Learned a level 7 spell: Delayed Fireball
   611 | D        | Entered arena 4.
   611 | D        | Noticed a spriggan
   611 | D        | Noticed a spriggan
   611 | D        | Noticed a spriggan
   612 | D        | Killed a spriggan
   612 | D        | Reached XP level 8. HP: 46/46 MP: 27/27
   612 | D        | Reached *** piety under Vehumet
   613 | D        | Reached skill level 5 in Evocations
   637 | D        | Learned a level 7 spell: Ring of Flames
   674 | D        | Entered arena 5.
   681 | D        | Offered knowledge of Mephitic Cloud by Vehumet.
   681 | D        | Reached skill level 5 in Staves
   681 | D        | Reached **** piety under Vehumet
   681 | D        | Reached skill level 14 in Spellcasting
   876 | D        | Entered arena 6.
   877 | D        | Offered knowledge of Airstrike by Vehumet.
   880 | D        | Reached ***** piety under Vehumet
   973 | D        | Entered arena 7.
   973 | D        | Noticed a shining eye
   974 | D        | Reached XP level 9. HP: 52/52 MP: 29/29
   975 | D        | Killed a shining eye
   975 | D        | Reached skill level 5 in Fighting
   975 | D        | Reached skill level 5 in Armour
  1036 | D        | Entered arena 8.
  1036 | D        | Noticed a merfolk
  1036 | D        | Noticed a merfolk
  1037 | D        | Offered knowledge of Iskenderun's Mystic Blast by Vehumet.
  1037 | D        | Reached ****** piety under Vehumet
  1038 | D        | Reached skill level 15 in Spellcasting
  1038 | D        | Killed a merfolk
  1038 | D        | Reached skill level 10 in Fire Magic
  1039 | D        | Killed a merfolk
  1059 | D        | Got the amulet "Tumic" {Gourm rElec}
  1242 | D        | Entered arena 9.
  1242 | D        | Noticed a deep elf archer
  1242 | D        | Noticed a deep elf mage
  1242 | D        | Noticed a deep elf mage
  1242 | D        | Noticed a deep elf mage
  1242 | D        | Noticed a deep elf mage
  1242 | D        | Noticed a deep elf archer
  1242 | D        | Noticed a dire flail of draining
  1243 | D        | Killed a deep elf mage
  1243 | D        | Offered knowledge of Fulminant Prism by Vehumet.
  1245 | D        | Mangled by a dire flail of draining

Vault maps used:
D:        sprint_v

Skill      XL: |  1  2  3  4  5  6  7  8  9 |
---------------+----------------------------+-----
Spellcasting   | 7 10 11 12 13 14 15 | 15.6
Conjurations   | 4 6 7 8 9 |  9.9
Fire Magic     | 5 7 8 9 10 | 10.3
Fighting       | 1 2 3 4 5 |  5.6
Staves         | 2 3 4 5 6 |  6.8
Armour         | 2 3 4 5 |  5.6
Dodging        | 4 5 7 8 |  8.7
Evocations     | 2 3 4 5 7 |  7.3
Stealth        | |  2.4

Action                   |  1- 3 |  4- 6 |  7- 9 || total
-------------------------+-------+-------+-------++-------
Melee: Quarterstaff      |       |       |     1 ||     1
 Cast: Fireball          |       |     1 |    11 ||    12
       Flame Tongue      |       |       |     3 ||     3
       Sticky Flame      |       |       |     1 ||     1
       Bolt of Fire      |       |       |     3 ||     3
Evoke: Wand              |     3 |     3 |     5 ||    11
  Use: Potion            |     2 |       |     1 ||     3
  Eat: Fruit             |     5 |       |       ||     5
       Chunk             |       |       |     1 ||     1
Armor: Robe              |     2 |       |     3 ||     5
Dodge: Dodged            |     3 |     1 |    25 ||    29
